 Dungeon Crawl Stone Soup version 0.29.1-15-g9cfb28693d (webtiles) character file.

Game seed: 14885427164452964939

14 Eitelfritz the Sneak (level 2, -5/22 HPs)
             Began as a Demonspawn Brigand on Apr 25, 2023.
             Slain by a gnoll
             ... wielding a +0 flail
              (11 damage)
             ... on level 2 of the Dungeon.
             The game lasted 00:01:15 (865 turns).

Eitelfritz the Sneak (Demonspawn Brigand)            Turns: 865, Time: 00:01:15

Health: -5/22      AC:  3    Str: 11    XL:     2   Next: 31%
Magic:  2/2        EV: 11    Int: 12    God:
Gold:   32         SH:  0    Dex: 14    Spells: 1/1 levels left

rFire   . . .      SeeInvis .   b - +4 short sword
rCold   . . .      Faith    .   (no shield)
rNeg    . . .      Spirit   .   j - +0 robe
rPois   .          Reflect  .   (helmet restricted)
rElec   .          Harm     .   c - +0 cloak
rCorr   .          Rampage  .   (no gloves)
Will    .....                   (no boots)
Stlth   +++.......              (no amulet)
HPRegen 0.07/turn               (no ring)
MPRegen 0.08/turn               (no ring)

@: no status effects
A: horns 1
a: no special abilities


You were on level 2 of the Dungeon.
You visited 1 branch of the dungeon, and saw 2 of its levels.

You collected 32 gold pieces.

Inventory:

Hand Weapons
 a - a +2 dagger
 b - a +4 short sword (weapon)
Missiles
 d - 9 poisoned darts (quivered)
 e - 3 curare-tipped darts
Armour
 c - a +0 cloak (worn)
 j - a +0 robe (worn)
Scrolls
 f - a scroll of noise {unknown}
 h - a scroll of fear {unknown}
 i - 2 scrolls of blinking {unknown}
Potions
 g - a potion of resistance {unknown}


   Skills:
 + Level 2.1 Fighting
 + Level 2.0 Short Blades
 + Level 1.7 Throwing
 + Level 0.8 Dodging
 + Level 4.1 Stealth


You had one spell level left.
You didn't know any spells.
Your spell library was empty.

Dungeon Overview and Level Annotations

Branches:
Dungeon (2/15)

Altars:

Annotations:
D:2 Jessica


Innate Abilities, Weirdness & Mutations

You have a pair of small horns on your head.


Message History

You hit the kobold.
You kill the kobold!
Things that are here:
a +0 club; a stone; a kobold corpse
Things that are here:
a ball python corpse; a hobgoblin corpse You now have 32 gold pieces (gained 11).
You see here a rat skeleton.
You see here a +0 dagger.
Done exploring.
Done exploring.
You see here a +0 ring mail.
There is a stone staircase leading down here.
You climb downwards.
Found a scroll labelled DIOFIHOYTZ, a sling and a leather armour.
Found a stone staircase leading down.
There is a stone staircase leading up here.
Jessica shouts!
The gnoll shouts!
You hear a shout! x2
You climb upwards.
There is a stone staircase leading down here.
There is a stone staircase leading down here.
You climb downwards.
Level annotation: Jessica
There is a stone staircase leading up here.
The gnoll misses you.
b - a +4 short sword (weapon)
The gnoll hits you with a +0 spear!
Jessica gestures wildly while chanting.
Jessica seems to speed up.
You hit the gnoll. Your headbutt misses the gnoll.
The gnoll is moderately wounded.
The gnoll hits you with a +0 spear. The gnoll attacks as you move away!
The gnoll barely misses you. The gnoll attacks as you move away!
The gnoll hits you with a +0 spear.
The gnoll hits you from afar with a +0 spear.
* * * LOW HITPOINT WARNING * * *
The gnoll attacks as you move away! The gnoll closely misses you.
The gnoll attacks as you move away! The gnoll hits you with a +0 flail!
Ouch! That really hurt!
You die...

### #<# #.# #.# #.#
###.### #..@..#
###..g..# #....@g.#
.. #.$.....#....
#............
###.#.###.... #.#..#
####
#.#.........#####.[.
#.##................


You could see 2 gnolls and Jessica (fast).

Vanquished Creatures
  A bat (D:1)
  An endoplasm (D:1)
  A giant cockroach (D:1)
  A hobgoblin (D:1)
  2 quokkas (D:1)
  3 ball pythons (D:1)
  3 kobolds (D:1)
  A rat (D:1)
13 creatures vanquished.

Notes
Turn   | Place    | Note
-------+----------+-------------------------------------------
     0 | D:1      | Eitelfritz the Demonspawn Brigand began the quest for the
                  | Orb.
     0 | D:1      | Reached XP level 1. HP: 16/16 MP: 1/1
   385 | D:1      | Reached skill level 4 in Stealth
   394 | D:1      | Discovered your monstrous ancestry.
   394 | D:1      | Gained mutation: You have a pair of small horns on your
                  | head. [demonic ancestry]
   394 | D:1      | Reached XP level 2. HP: 22/22 MP: 2/2
   820 | D:2      | Noticed Jessica
   865 | D:2      | Slain by a gnoll

Illustrated notes

Levels and vault maps discovered:
D:1:      lemuel_arrival_cross, layout_loops_cross,
          nicolae_concentric_dashed_squares_mild
D:2:      layout_basic, lemuel_flame_loot_1, uniq_jessica

Skill      XL: |  1  2 |
---------------+-------+-----
Stealth        | 4 |  4.1
Short Blades   | 2 |  2.0
Fighting       | |  2.1
Throwing       | |  1.7
Dodging        | |  0.8

Action                   || total
-------------------------++-------
Melee: Dagger            ||    37
       Short sword       ||     1
       Headbutt          ||     1
 Stab: Sleeping          ||     5
Armor: Robe              ||     5
Dodge: Dodged            ||    20
